 Dungeon Crawl Stone Soup version 0.28-a0-1447-ga5a8893891 (webtiles) character file.

Game seed: 15820365149038686705

24912 oldriver the Tortoise (level 13, -14/176 (182) HPs)
             Began as a Formicid Chaos Knight on Jan 11, 2022.
             Was a Plaything of Xom.
             Demolished by a large abomination (23 damage)
             ... on level 3 of the Abyss.
             The game lasted 00:20:51 (7634 turns).

oldriver the Tortoise (Formicid Chaos Knight)       Turns: 7634, Time: 00:20:52

HP:   -14/176 (182) AC: 33    Str: 27      XL:     13   Next: 46%
MP:   10/10         EV: 12    Int:  9 (11) God:    Xom [.*....]
Gold: 421           SH:  0    Dex: 10      Spells: 12/12 levels left

rFire   + . .      SeeInvis +   a - +1 hand axe (chaos)
rCold   + + .      Faith    .   (no shield)
rNeg    + . .      Spirit   .   (armour currently unavailable)
rPois   ∞          Reflect  .   (helmet unavailable)
rElec   +          Harm     .   f - +0 cloak
rCorr   .          Rampage  .   (gloves currently unavailable)
Will    +....                   (boots currently unavailable)
Stlth   +.........              i - amulet of regeneration
HPRegen 1.19/turn               q - +6 ring of strength
MPRegen 0.12/turn               z - ring of protection from fire

@: statue-form, lightly drained, invisible, unable to read, very slow
A: slow and powerful, torment resistance 1, boosted hp, permanent stasis, dig
shafts and tunnels, antennae 3, four strong arms, clever 1, cold resistance 2,
poison resistance, robust 2, electricity resistance, strong 2, no potion heal 1,
[deterioration 2], [dopey 2], [low mp 2], [screaming 2], [weak 2], [subdued
magic 2], [inability to read while threatened]
a: Dig, Shaft Self, Renounce Religion


You were on level 3 of the Abyss.
You worshipped Xom.
You were a plaything of Xom.
You were a living statue of rough stone.
You visited 1 branch of the dungeon, and saw 9 of its levels.
You visited the Abyss 1 time.
You also visited: Ossuary and Bailey.

You collected 421 gold pieces.

Inventory:

Hand Weapons
 a - a +1 hand axe of chaos (weapon)
 A - a +0 battleaxe
Missiles
 b - a throwing net
 l - 3 silver javelins
Armour
 f - a +0 cloak (worn)
 k - the +1 pair of gloves of the Frog (melded) {rC+ Will- Regen+ Str+4}
   (You acquired it on level 2 of the Dungeon)

   Str:       It affects your strength (+4).
   rC:        It protects you from cold.
   Regen:     It increases your rate of health regeneration.
   Will:      It decreases your willpower.
 n - a +1 plate armour (melded)
Jewellery
 c - a ring of fire
 i - an amulet of regeneration (around neck)
 q - a +6 ring of strength (left fist)
 y - a ring of resist corrosion
 z - a ring of protection from fire (right fist)
Wands
 o - a wand of flame (56)
 t - a wand of digging (5)
Scrolls
 h - 2 scrolls of noise
 j - 4 scrolls of identify
 m - 7 scrolls of enchant armour
 x - a scroll of enchant weapon
Potions
 d - a potion of cancellation
 e - 2 potions of haste
 p - a potion of curing
 r - a potion of berserk rage {unknown}


   Skills:
 + Level 15.8 Fighting
 + Level 8.9 Axes
 + Level 18.4 Armour
 + Level 3.7 Dodging


You had 12 spell levels left.
You didn't know any spells.
Your spell library contained the following spells:

 Spells                   Type           Power      Damage    Failure   Level
 Animate Skeleton         Necr           0%         N/A       30%         1
 Freeze                   Ice            0%         1d3       30%         1
 Pain                     Necr           0%         1d4       30%         1
 Shock                    Conj/Air       0%         1d3       30%         1
 Frozen Ramparts          Ice            0%         1d2       69%         3
 Vampiric Draining        Necr           0%         2d6       69%         3
 Airstrike                Air            0%         N/A       98%         4
 Hailstorm                Conj/Ice       0%         3d3       98%         4
 Swiftness                Air            Unusable   N/A       N/A         3

Dungeon Overview and Level Annotations

Branches:
Dungeon (9/15)             Temple (0/1) D:5            Lair (0/6) D:9
Ossuary (visited)          Bailey (visited)
    Orc: D:9-12

Altars:
Ashenzari
Trog
Xom

Annotations:
D:5 3 runed translucent doors, Clumpoid's ghost, novice GnFi
Abyss:3 2 runed translucent doors


Innate Abilities, Weirdness & Mutations

You are a living statue of rough stone.
Your actions are slow, but your melee attacks are powerful.
You are resistant to unholy torment.
Your maximum health is greatly increased.
Your equipment is partially melded.
You cannot be hasted, slowed, berserked, paralysed or teleported.
You can dig through walls and to a lower floor.
You have a pair of large antennae on your head. (SInv)
Your four strong arms can wield two-handed weapons with a shield.
Your mind is acute. (Int +2)
Your flesh is very cold resistant. (rC++)
Your system is resistant to poisons. (rPois)
You are very robust. (+20% HP)
You are resistant to electric shocks. (rElec)
Your muscles are very strong. (Str +4)
Potions are less effective at restoring your health.
[Your body often deteriorates upon taking damage.]
[You are very dopey. (Int -4)]
[Your magical capacity is very low. (-20% MP)]
[You frequently scream uncontrollably at your foes.]
[You are very weak. (Str -4)]
[Your spells are easier to cast, but less powerful.]
[You sometimes lose the ability to read scrolls when taking damage.]


Message History

You slam into the rock wall!
* * * LOW HITPOINT WARNING * * *
The large abomination hits you.
* * * LOW HITPOINT WARNING * * *
The wretched star pulses with an eldritch light!
You feel stupid. x2
The large abomination hits you!!
* * * LOW HITPOINT WARNING * * *
A glowing orange brain comes into view.
The large abomination hits you.
* * * LOW HITPOINT WARNING * * *
The glowing orange brain turns its attention towards you.
You slash the large abomination!
The large abomination suddenly seems more agile.
The large abomination is moderately damaged.
The wretched star dissolves into shadows!
The large abomination hits you.
* * * LOW HITPOINT WARNING * * *
You cannot read scrolls in your current state!
You fade into invisibility!
The large abomination hits you but does no damage.
The glowing orange brain blinks!
The large abomination closely misses you.
It was a potion of lignification.
You feel woody for a moment.
Xom guffaws.
You attempt to intoxicate your foes!
You are now a plaything of Xom.
The large abomination hits you.
* * * LOW HITPOINT WARNING * * *
It was a potion of haste.
Your stasis prevents you from being hasted.
The large abomination barely misses you.
The large abomination hits you!
* * * LOW HITPOINT WARNING * * *
Your system partially rejects the healing.
You feel better.
The large abomination hits you but does no damage.
The large abomination hits you!!
You die...
Xom laughs nastily!

...... .#... ..
....##### ..
..#..#.
#.##..... #.
#....G. #.
#.#...#
#..#..#8##
#......X.# .
#..###X##.#
#.#.##.##.#.#...
...
....#.#......
....
#4#{..#..#.#
#..##.........#.
.#### ..#### #
#...##### .#


You could see a glowing orange brain, an orange demon and 2 large abominations.

Vanquished Creatures
  A revenant (Abyss:3)
  A reaper (Abyss:3)
  A lindwurm (D:9)
  A polar bear (shapeshifter) (Abyss:3)
  4 yaks (D:9)
  A shadow (D:9)
  3 starcursed masses (Abyss:3)
  A wyvern (shapeshifter) (Abyss:3)
  2 wyverns (D:7)
  A steam dragon (D:7)
  Menkaure (D:7)
  An acid dragon (D:9)
  A water moccasin (D:7)
  A swamp drake (D:7)
  An ice beast (D:6)
  2 sky beasts
  13 orc warriors
  2 black bears
  An ogre (D:5)
  3 centaurs
  A phantom (D:4)
  2 lemures (D:5)
  A kobold brigand (D:8)
  5 bullfrogs
  Blork the orc (D:6)
  A small abomination (Abyss:3)
  An earth elemental (Abyss:3)
  A scorpion (D:7)
  A gnoll sergeant (D:7)
  A water moccasin skeleton (D:7)
  7 killer bees (D:7)
  11 wights
  A howler monkey (D:5)
  A quasit (Abyss:3)
  2 centaur zombies
  6 orc priests
  A jelly (D:8)
  A gnoll shaman (D:7)
  A human zombie (Ossuary)
  2 centaur skeletons
  An iguana (D:5)
  6 orc wizards
  A hound skeleton (D:5)
  2 mummies (Ossuary)
  13 gnolls
  8 adders
  An ufetubus (D:6)
  A worm (D:2)
  5 dart slugs
  31 orcs
  10 endoplasms
  2 giant cockroaches
  5 goblins
  5 hobgoblins
  5 jackals
  2 quokkas
  7 ball pythons
  2 bats
  3 frilled lizards
  2 goblin zombies (Ossuary)
  9 hobgoblin zombies (Ossuary)
  15 kobolds
  10 kobold zombies (Ossuary)
  10 orc zombies (Ossuary)
  2 rats
  3 rat zombies (Ossuary)
251 creatures vanquished.

Vanquished Creatures (collateral kills)
  A golden eye (D:5)
1 creature vanquished.

Vanquished Creatures (others)
  An orc warrior (Bailey)
  2 gnolls (D:7)
  An orc (D:3)
  A ball python (D:2)
  A demonic plant (D:1)
  A plant (D:4)
  13 starspawn tentacles (Abyss:3)
  A withered plant (D:1)
21 creatures vanquished.

Grand Total: 273 creatures vanquished

Notes
Turn   | Place    | Note
-------+----------+-------------------------------------------
     0 | D:1      | oldriver the Formicid Chaos Knight began the quest for the
                  | Orb.
     0 | D:1      | Reached XP level 1. HP: 18/18 MP: 1/1
    33 | D:1      | XOM: potion effect (might)
   154 | D:1      | Reached skill level 1 in Dodging
   167 | D:1      | Found a faded altar of an unknown god.
   387 | D:1      | XOM: stat loss: -1 Str (15/16)
   413 | D:1      | XOM: give mutations
   413 | D:1      | Gained mutation: Your system is resistant to poisons.
                  | (rPois) [Xom's grace]
   413 | D:1      | Gained mutation: You are robust. (+10% HP) [Xom's grace]
   462 | D:1      | Reached XP level 2. HP: 26/26 MP: 2/2
   635 | D:1      | XOM: confuse monster(s)
   647 | D:1      | Reached XP level 3. HP: 29/33 MP: 3/3
   743 | D:1      | XOM: noise
  1113 | D:2      | Reached XP level 4. HP: 37/40 MP: 4/4
  1117 | D:2      | Reached XP level 5. HP: 46/46 MP: 5/5
  1256 | D:2      | XOM: god gift: scroll labelled BUIF CULINE {god gift}
  1258 | D:2      | Identified a scroll of acquirement
  1258 | D:2      | Acquired the +1 pair of gloves of the Frog {rC+ Will-
                  | Regen+ Str+4}
  1944 | D:2      | XOM: god gift: 3 silver javelins
  2064 | D:3      | XOM: summons 3 hostile demons
  2140 | D:3      | XOM: summons 3 hostile demons
  2174 | D:3      | XOM: butterfly on damage
  2190 | D:3      | XOM: cloud trail
  2227 | D:3      | Found a bloodstained altar of Trog.
  2388 | D:3      | XOM: give mutations
  2388 | D:3      | Gained mutation: Your flesh is cold resistant. (rC+) [Xom's
                  | grace]
  2388 | D:3      | Gained mutation: You are agile. (Dex +2) [Xom's grace]
  2450 | D:3      | Reached XP level 6. HP: 53/53 MP: 6/6
  2635 | D:4      | XOM: smoke on damage
  2768 | D:4      | Reached skill level 5 in Fighting
  2768 | D:4      | Reached skill level 3 in Armour
  2773 | D:4      | XOM: confuse monster(s)
  2865 | D:4      | Noticed a glowing shapeshifter
  2865 | D:4      | an iguana changed into a glowing shapeshifter
  2865 | D:4      | XOM: polymorph iguana -> glowing shapeshifter
  2865 | D:4      | Noticed a komodo dragon
  2865 | D:4      | a glowing shapeshifter changed into a komodo dragon
  2868 | D:4      | Noticed a fire crab
  2868 | D:4      | a komodo dragon changed into a fire crab
  2869 | D:4      | Noticed a lindwurm
  2869 | D:4      | a fire crab changed into a lindwurm
  2876 | D:4      | Noticed a faun
  2876 | D:4      | a lindwurm changed into a faun
  2877 | D:4      | Noticed a shining eye
  2877 | D:4      | a faun changed into a shining eye
  2879 | D:4      | Noticed a shock serpent
  2881 | D:5      | Entered Level 5 of the Dungeon
  2885 | D:5      | Reached XP level 7. HP: 61/61 MP: 7/7
  2906 | D:5      | Noticed Pikel
  2908 | D:5      | Noticed Clumpoid's ghost (novice GnFi)
  2911 | D:5      | Noticed Pikel
  2911 | D:5      | Pikel changed into Pikel the golden eye
  2911 | D:5      | XOM: polymorph Pikel -> Pikel the golden eye
  2916 | D:5      | XOM: silly message
  2925 | D:5      | XOM: potion effect (heal wounds)
  2931 | D:5      | XOM: scenery: create altars
  2937 | D:5      | XOM: summons friendly ufetubus
  2972 | D:5      | Found a runed translucent gate.
  2980 | D:5      | XOM: cast spell 'Summon Mana Viper'
  2983 | D:5      | Killed Pikel the golden eye
  2984 | D:5      | Reached skill level 5 in Axes
  3027 | D:5      | Found a runed translucent gate.
  3027 | D:5      | Found a runed translucent gate.
  3094 | D:4      | Noticed a torpor snail
  3094 | D:4      | a shock serpent changed into a torpor snail
  3155 | D:5      | XOM: confuse monster(s)
  3161 | D:5      | XOM: silly message
  3166 | D:5      | Reached skill level 4 in Armour
  3210 | D:5      | Found a sand-covered staircase.
  3215 | Ossuary  | Entered an ossuary
  3296 | Ossuary  | Reached XP level 8. HP: 70/70 MP: 8/8
  3445 | D:5      | Acquired a manual of Armour
  3601 | D:5      | Found a staircase to the Ecumenical Temple.
  3606 | D:5      | XOM: scenery: summon butterflies
  3613 | D:5      | Reached skill level 5 in Armour
  3712 | D:6      | Noticed Blork the orc
  3722 | D:6      | Killed Blork the orc
  3745 | D:6      | XOM: divination: magic mapping
  3822 | D:6      | XOM: noise
  3828 | D:6      | Reached skill level 6 in Armour
  3942 | D:6      | Found a broken altar of Ashenzari.
  3948 | D:6      | XOM: silly message
  4402 | D:6      | XOM: potion effect (curing)
  4403 | D:6      | Reached skill level 7 in Armour
  4418 | D:6      | Reached XP level 9. HP: 75/79 MP: 9/9
  4655 | D:7      | Reached skill level 8 in Armour
  4690 | D:7      | Found a flagged portal.
  4698 | D:7      | XOM: confusion
  4734 | Bailey   | Entered a bailey
  4760 | Bailey   | XOM: stat loss: -1 Int (12/13)
  4761 | Bailey   | Lost mutation: You are agile. (Dex +2) [potion of mutation]
  4761 | Bailey   | Lost mutation: Your flesh is cold resistant. (rC+) [potion
                  | of mutation]
  4761 | Bailey   | Gained mutation: Your muscles are strong. (Str +2) [potion
                  | of mutation]
  4761 | Bailey   | Gained mutation: You are very robust. (+20% HP) [potion of
                  | mutation]
  4761 | Bailey   | Gained mutation: Potions are less effective at restoring
                  | your health. [potion of mutation]
  4761 | Bailey   | Gained mutation: Your muscles are very strong. (Str +4)
                  | [potion of mutation]
  4772 | Bailey   | XOM: blink monster(s)
  4843 | Bailey   | XOM: noise
  4861 | Bailey   | XOM: confusion
  4864 | Bailey   | XOM: confusion (+ monsters)
  4876 | Bailey   | XOM: fog
  4882 | Bailey   | Reached skill level 9 in Armour
  5095 | Bailey   | Reached skill level 10 in Armour
  5120 | Bailey   | Identified the +2 leather armour of the Iron City of Dis
                  | {Harm Drain +Blink Will-}
  5121 | Bailey   | Noticed an orc knight
  5121 | Bailey   | Noticed an orc knight
  5122 | Bailey   | XOM: destruction
  5130 | Bailey   | Reached XP level 10. HP: 98/98 MP: 10/10
  5131 | Bailey   | XOM: swap monsters
  5135 | Bailey   | XOM: enchant monster (good)
  5139 | Bailey   | XOM: noise
  5145 | Bailey   | XOM: enchant monster (good)
  5310 | D:7      | XOM: divination: detect creatures
  5432 | D:7      | Noticed Menkaure
  5448 | D:7      | XOM: potion effect (experience)
  5448 | D:7      | Reached skill level 15 in Fighting
  5448 | D:7      | Reached skill level 18 in Armour
  5448 | D:7      | Reached XP level 11. HP: 48/123 MP: 11/11
  5448 | D:7      | Reached XP level 12. HP: 52/132 MP: 12/12
  5448 | D:7      | Reached XP level 13. HP: 55/139 MP: 13/13
  5452 | D:7      | Killed Menkaure
  5952 | D:7      | XOM: cloud trail
  6316 | D:8      | XOM: cloud trail
  6363 | D:8      | XOM: fog
  6795 | D:9      | XOM: give mutations
  6795 | D:9      | Gained mutation: Your mind is acute. (Int +2) [Xom's grace]
  6795 | D:9      | Gained mutation: Your flesh is cold resistant. (rC+) [Xom's
                  | grace]
  6795 | D:9      | Gained mutation: Your flesh is very cold resistant. (rC++)
                  | [Xom's grace]
  6795 | D:9      | Gained mutation: You are resistant to electric shocks.
                  | (rElec) [Xom's grace]
  6918 | D:9      | XOM: polymorph two-headed ogre -> lindwurm
  6919 | D:9      | XOM: scenery: summon butterflies
  6921 | D:9      | XOM: polymorph butterfly -> ball python
  6932 | D:9      | XOM: summons 2 hostile demons
  7106 | D:9      | Found a staircase to the Lair.
  7161 | D:9      | Cast into level 3 of the Abyss (a wizard)
  7225 | Abyss:3  | XOM: confusion (+ monsters)
  7228 | Abyss:3  | XOM: confuse monster(s)
  7251 | Abyss:3  | XOM: noise
  7254 | Abyss:3  | XOM: confuse monster(s)
  7262 | Abyss:3  | Noticed an ophan
  7306 | Abyss:3  | Found a runed translucent gate.
  7306 | Abyss:3  | Found a runed translucent gate.
  7310 | Abyss:3  | XOM: blink monster(s)
  7316 | Abyss:3  | Noticed a tentacled starspawn
  7316 | Abyss:3  | XOM: swap monsters
  7337 | Abyss:3  | XOM: confuse monster(s)
  7356 | Abyss:3  | Noticed a cacodemon
  7364 | Abyss:3  | XOM: divination: magic mapping
  7368 | Abyss:3  | Noticed a revenant
  7405 | Abyss:3  | Noticed a reaper
  7405 | Abyss:3  | a cacodemon changed into a reaper
  7405 | Abyss:3  | XOM: polymorph cacodemon -> reaper
  7412 | Abyss:3  | XOM: divination: magic mapping
  7431 | Abyss:3  | Killed a reaper
  7436 | Abyss:3  | XOM: confuse monster(s)
  7442 | Abyss:3  | Killed a revenant
  7457 | Abyss:3  | Noticed a starcursed mass
  7519 | Abyss:3  | XOM: enchant monster (bad)
  7527 | Abyss:3  | Noticed a tentacled starspawn
  7532 | Abyss:3  | XOM: cast spell 'Alistair's Intoxication'
  7568 | Abyss:3  | Noticed a red draconian scorcher
  7568 | Abyss:3  | Noticed a daeva
  7569 | Abyss:3  | Noticed a starcursed mass
  7573 | Abyss:3  | XOM: summons 2 friendly demons
  7580 | Abyss:3  | XOM: cast spell 'Statue Form'
  7581 | Abyss:3  | XOM: cleaving
  7597 | Abyss:3  | XOM: cast spell 'Call Canine Familiar'
  7614 | Abyss:3  | XOM: enchant monster (good)
  7632 | Abyss:3  | XOM: cast spell 'Alistair's Intoxication'
  7633 | Abyss:3  | HP: 3/176 [large abomination (12)]
  7634 | Abyss:3  | Demolished by a large abomination

Illustrated notes

Levels and vault maps discovered:
D:1:      dpeg_arrival_boxes_within_box, layout_basic,
          shapermc_ecumenical_altar_gd, minmay_misc_feat_diagonals
D:2:      mumra_celtic_spiral_tile, layout_rooms, minmay_heptomino_o4
D:3:      layout_rooms, mainiacjoe_overflow_alcove_4
D:4:      kb_forest_paths, layout_loops_corners, serial_forest,
          infiniplex_forest_clump_tiny, infiniplex_forest_zigzag_1,
          infiniplex_forest_lined_room_2, infiniplex_forest_clump_medium,
          infiniplex_forest_clump_curved, infiniplex_forest_straight_1,
          infiniplex_forest_corner_1, infiniplex_forest_clump_medium,
          minmay_cut_off
D:5:      layout_rooms, minmay_temple_entry_enclosed_plants,
          nicolae_ossuary_entry_false_entrances, gammafunk_ghost_split,
          uniq_pikel
D:6:      layout_loops_corners, ashenzari_conservatory_becter,
          uniq_blork_the_orc
D:7:      layout_loops_cross, lightli_bailey_entry_fortress, uniq_menkaure
D:8:      layout_basic
D:9:      layout_long_grid, lair_entry_dummy, lightli_wizard_tower
Abyss:3:  base: D:5, evilmike_abyss_exit_10, due_exit_kobolds,
          nicolae_abyss_rune_star_stuff, evilmike_abyss_exit_10

Skill      XL: |  1  2  3  4  5  6  7  8  9 10 |
---------------+-------------------------------+-----
Dodging        | 1 2 3 |  3.7
Fighting       | 4 5 6 7 8 15 | 15.8
Axes           | 4 5 6 8 |  8.9
Armour         | 3 4 7 10 18 | 18.4

Action                   |  1- 3 |  4- 6 |  7- 9 | 10-12 | 13-15 || total
-------------------------+-------+-------+-------+-------+-------++-------
Melee: Hand axe          |    62 |   159 |   336 |    69 |   342 ||   968
       Punch             |     1 |     2 |     5 |       |     2 ||    10
 Abil: Dig               |       |       |       |       |     2 ||     2
  Use: Scroll            |       |     1 |    11 |       |       ||    12
       Potion            |       |       |     9 |     2 |     4 ||    15
 Stab: Paralysed         |     1 |       |     2 |     3 |       ||     6
       Petrified         |       |       |    18 |       |       ||    18
       Petrifying        |       |       |     1 |       |       ||     1
       Invisible         |       |       |     1 |       |       ||     1
       Confused          |       |       |       |       |     2 ||     2
Armor: Leather armour    |    27 |    43 |       |       |       ||    70
       Plate armour      |       |    25 |   246 |    40 |   222 ||   533
       Skin              |       |       |       |       |    11 ||    11
Dodge: Dodged            |    40 |   107 |   185 |    44 |   173 ||   549

Table legend: (Time is in decaauts)
 A = Elapsed time spent in this place.
 B = Non-inter-level travel time spent in this place.
 C = Inter-level travel time spent in this place.
 D = Time resting spent in this place.
 E = Time spent auto-exploring this place.
 F = Levels seen in this place.
 G = Mean time per level.
                   A        B        C        D        E       F      G
               +--------+--------+--------+--------+--------+-----+--------+
         Total |   7649 |   7246 |    403 |     92 |   4374 |  12 |  637.4 |
       Dungeon |   6516 |   6113 |    403 |     41 |   4265 |   9 |  724.0 |
         Abyss |    483 |    483 |      0 |      0 |      0 |   1 |  483.0 |
       Ossuary |    227 |    227 |      0 |      0 |     86 |   1 |  227.0 |
        Bailey |    423 |    423 |      0 |     51 |     23 |   1 |  423.0 |
               +--------+--------+--------+--------+--------+-----+--------+

Top non-repeatable levels by time:
     D:1: 1103 daAuts
     D:2: 978 daAuts
     D:6: 929 daAuts
     D:7: 888 daAuts
     D:8: 709 daAuts
     D:5: 607 daAuts
     D:3: 553 daAuts
 Abyss:3: 483 daAuts
     D:9: 474 daAuts
  Bailey: 423 daAuts
     D:4: 272 daAuts
 Ossuary: 227 daAuts
